AoeStats
← Burrakomaister

Scandinavia

510442810Analyzed
1v1 RM · 1d ago on Oct 1, 2026· 43m 25s· 2 players
Game mode
Random Map
Map size
Tiny (2 player)
Population
200
Speed
Normal
Resources
Standard
Victory
Conquest
Starting age
Dark Age
Ending age
Imperial Age
RankedLock teamsTeams togetherTeam positionsShared explorationLock speedFull tech treeHidden civsTurbo modeCheats
Victory
Defeat
🇺🇸 Japanese · United States
980
+16
🇨🇱 Franks · Chile
973
-16
Burrakomaister
7:39 Loom
10:04 Feudal Age
10:30 Double-Bit Axe
17:31 Man-at-Arms
18:49 Wheelbarrow
22:06 Castle Age
21:21 Arson
21:31 Fishing Lines
22:28 Long Swordsman
26:37 Stone Mining
26:39 Gold Mining
28:21 Bow Saw
28:33 Forging
30:52 Gold Shaft Mining
32:29 Iron Casting
31:56 Scale Mail Armor
34:52 Imperial Age
35:10 Ballistics
37:16 Elite Throwing Axeman
39:49 Chemistry
39:11 Cavalier
41:52 Blast Furnace
40:59 Scale Barding Armor
40:55 Paladin
42:37 Husbandry
Iron Nyax
11:05 Feudal Age
11:17 Man-at-Arms
12:39 Double-Bit Axe
15:26 Loom
20:35 Castle Age
20:57 Scale Mail Armor
21:08 Forging
21:57 Bow Saw
21:17 Pikeman
22:14 Gold Mining
22:20 Town Watch
23:15 Wheelbarrow
23:57 Chain Mail Armor
24:52 Fishing Lines
25:54 Gillnets
27:12 Stone Mining
27:41 Fletching
28:35 Arson
28:51 Squires
29:48 Iron Casting
31:28 Town Patrol
31:47 Hand Cart
34:46 Imperial Age
34:53 Imperial Age
34:13 Masonry
34:57 Bodkin Arrow
36:16 Plate Mail Armor
36:22 Siege Engineers
39:31 Halberdier
42:00 Conscription
Connection lost

Rejoining the realm…

Still unreachable

The connection could not be restored.

Session expired

The server has moved on; the page needs a fresh start.